 Dungeon Crawl Stone Soup version 0.18-a0-910-g1648204 (webtiles) character file.

245 Proton the Shield-Bearer (level 6, 0/49 HPs)
             Began as a Formicid Fighter on Dec 25, 2015.
             Slain by a gnoll
             ... wielding a cursed -1 halberd
              (2 damage)
             ... on level 3 of the Dungeon.
             The game lasted 00:03:48 (1905 turns).

Proton the Shield-Bearer (Formicid Fighter)         Turns: 1905, Time: 00:03:48

Health: 0/49       AC:  9    Str: 23    XL:     6   Next: 32%
Magic:  6/6        EV:  8    Int:  7    God:
Gold:   91         SH:  4    Dex: 10    Spells: 0 memorised, 5 levels left

rFire  + . .     SeeInvis +     a - +0 long sword
rCold  . . .     Gourm    .     i - +0 chain mail
rNeg   . . .     Faith    .     o - +0 buckler (curse)
rPois  .         Spirit   .     (helmet unavailable)
rElec  .         Dismiss  .     (no cloak)
rCorr  .         Reflect  .     (no gloves)
SustAt .         Harm     .     (no boots)
MR     .....                    (no amulet)
Stlth  ..........               b - ring of protection from fire
                                g - ring of invisibility

@: not resistant to hostile enchantments, extremely unstealthy
A: permanent stasis, dig shafts and tunnels, four strong arms, antennae 3
a: Dig, Shaft Self, Evoke Invisibility


You were on level 3 of the Dungeon.
You were very hungry.

You visited 1 branch of the dungeon, and saw 3 of its levels.

You collected 91 gold pieces.

Inventory:

Hand Weapons
 a - a +0 long sword (weapon)
Armour
 c - a +0 shield
 i - a +0 chain mail (worn)
 o - a cursed +0 buckler (worn)
Jewellery
 b - a ring of protection from fire (right hand)
 g - a ring of invisibility (left hand)
Scrolls
 e - 5 scrolls of identify {unknown}
 h - 3 scrolls of immolation {unknown}
 l - 2 scrolls of enchant armour {unknown}
 n - a scroll of random uselessness {unknown}
 v - a scroll of amnesia {unknown}
 x - a scroll of recharging {unknown}
 y - a scroll of fear {unknown}
Potions
 d - a potion of might
 j - 2 potions of heal wounds {unknown}
 m - 3 potions of haste {unknown}
 p - a potion of lignification {unknown}
 r - a potion of poison {unknown}
 t - a potion of cancellation {unknown}
 u - a potion of magic {unknown}
 z - a potion of curing {unknown}
Books
 q - a book of Conjurations

   Spells                             Type                      Level
   a - Magic Dart                     Conjuration                  1
   b - Searing Ray                    Conjuration                  2
   c - Dazzling Spray                 Conjuration/Hexes            3
   d - Fulminant Prism                Conjuration/Hexes            4
   e - Iskenderun's Mystic Blast      Conjuration                  4
   f - Iskenderun's Battlesphere      Conjuration/Charms           5
Comestibles
 f - a bread ration
 k - a beef jerky
 s - a meat ration
 w - a slice of pizza


   Skills:
 + Level 4.3 Fighting
 + Level 3.3 Long Blades
 + Level 4.1 Armour
 + Level 2.1 Dodging
 + Level 4.7 Shields


You had 5 spell levels left.
You didn't know any spells.

Dungeon Overview and Level Annotations

Branches:
Dungeon (3/15)

Altars:
Dithmenos
Xom


Innate Abilities, Weirdness & Mutations

You are under a permanent stasis effect.
You can dig through walls and to a lower floor.
Your four strong arms can wield two-handed weapons with a shield.
You have a pair of large antennae on your head (SInv).


Message History

The ogre is almost dead.
You block the ogre's attack.
You hit the ogre.
You kill the ogre!
Your Armour skill increases to level 4!
Your Dodging skill increases to level 2!
You have reached level 6!
Your experience leads to an increase in your attributes!
Increase (S)trength, (I)ntelligence, or (D)exterity?
You feel stronger.
You barely miss the orc. The orc hits you but does no damage.
You closely miss the orc. The orc hits you but does no damage.
You are feeling very hungry.
You closely miss the orc. The orc hits you.
* * * LOW HITPOINT WARNING * * *
The orc hits you but does no damage.
You slash the orc!
You kill the orc!
You closely miss the gnoll. The gnoll hits you with a halberd.
You die...

#...>..{.........
#...(g{..#♣≈≈≈...
#........# ♣♣P≈≈≈
####.#...# ♣♣PP≈
#.#...# #≈P≈≈
#.#...# #.♣♣♣
#.#{..# #..♣♣
####.########.#.##
#@#..# ##........
##g#.# #..####.##
###.####..##.....
#.......#......
#######.#......
#..(......_..
###'##..#......
#.......#......
#.......##.....


You could see a gnoll.

Vanquished Creatures
  An ogre (D:3)
  2 gnolls (D:3)
  7 adders
  An ooze (D:3)
  A worm (D:2)
  2 giant geckos (D:2)
  3 orcs (D:3)
  8 giant cockroaches
  5 goblins
  4 hobgoblins
  9 kobolds
  2 ball pythons
  12 bats
  2 giant newts
  3 jackals (D:3)
  6 rats
68 creatures vanquished.

Notes
Turn   | Place    | Note
--------------------------------------------------------------
     0 | D:1      | Proton the Formicid Fighter began the quest for the Orb.
     0 | D:1      | Reached XP level 1. HP: 18/18 MP: 1/1
   223 | D:1      | Reached XP level 2. HP: 22/24 MP: 2/2
   506 | D:1      | Reached XP level 3. HP: 27/29 MP: 3/3
   711 | D:2      | Reached skill level 1 in Dodging
   911 | D:2      | Reached skill level 4 in Shields
   911 | D:2      | Reached XP level 4. HP: 16/37 MP: 4/4
  1161 | D:2      | Found a shimmering altar of Xom.
  1161 | D:2      | Found a shimmering altar of Xom.
  1161 | D:2      | Found a shimmering altar of Xom.
  1163 | D:2      | Found a shimmering altar of Xom.
  1164 | D:2      | Found a shimmering altar of Xom.
  1164 | D:2      | Found a shimmering altar of Xom.
  1165 | D:2      | Found a shimmering altar of Xom.
  1251 | D:2      | You fall through a shaft!
  1474 | D:2      | Reached XP level 5. HP: 21/42 MP: 5/5
  1699 | D:3      | Found a shadowy altar of Dithmenos.
  1846 | D:3      | Noticed an ogre
  1900 | D:3      | Killed an ogre
  1900 | D:3      | Reached XP level 6. HP: 3/49 MP: 6/6
  1903 | D:3      | HP: 1/49 [orc (3)]
  1905 | D:3      | Slain by a gnoll

Vault maps used:
D:1:      scummos_arrival_gate
D:2:      xom_redecorated
D:3:      old_standard_altar, serial_bayou_ford_a

Action                   |  1- 3 |  4- 6 || total
-------------------------+-------+-------++-------
Melee: Long sword        |   132 |   151 ||   283
 Abil: Dig               |       |     1 ||     1
  Eat: Chunk             |       |     3 ||     3
